 Dungeon Crawl Stone Soup version 0.28-a0-445-g51f8dfeb47 (webtiles) character file.

Game seed: 12001051679642534417

53 Gargoyl the Skirmisher (level 3, 0/35 HPs)
             Began as a Gnoll Abyssal Knight on Sept 12, 2021.
             Was a Follower of Lugonu.
             Slain by a gnoll (11 damage)
             ... on level 2 of the Dungeon.
             The game lasted 00:02:15 (1505 turns).

Gargoyl the Skirmisher (Gnoll Abyssal Knight)       Turns: 1505, Time: 00:02:16

Health: 0/35       AC: 10    Str: 12    XL:     3   Next: 87%
Magic:  6/6        EV:  3    Int: 11    God:    Lugonu [*.....]
Gold:   75         SH:  0    Dex: 11    Spells: 4/4 levels left

rFire   . . .      SeeInvis +   a - +1 hand axe
rCold   . . .      Faith    .   (no shield)
rNeg    . . .      Spirit   .   c - +0 chain mail
rPois   .          Reflect  .   (no helmet)
rElec   .          Harm     .   (no cloak)
rCorr   .          Rampage  .   h - +0 pair of gloves
Will    .....                   (no boots)
Stlth   ..........              (no amulet)
HPRegen 0.11/turn               e - ring of see invisible
MPRegen 0.10/turn               (no ring)

@: held
A: fangs 1, strong nose, distributed training
a: Renounce Religion, Depart the Abyss


You were on level 2 of the Dungeon.
You worshipped Lugonu.
Lugonu was aware of your devotion.
You visited 1 branch of the dungeon, and saw 2 of its levels.
You visited the Abyss 1 time.

You collected 75 gold pieces.

Inventory:

Hand Weapons
 a - a +1 hand axe (weapon)
Missiles
 b - a poisoned dart (quivered)
Armour
 c - a +0 chain mail (worn)
 h - a +0 pair of gloves (worn)
Jewellery
 e - a ring of see invisible (left hand)
 g - a ring of wizardry
Wands
 d - a wand of flame (19)
Scrolls
 i - a scroll of teleportation
Potions
 f - 2 potions of curing {unknown}
 j - a potion of resistance {unknown}


   Skills:
 + Level 6.5 Fighting
 + Level 1.0 Short Blades
 + Level 1.0 Long Blades
 + Level 4.6 Axes
 + Level 1.0 Maces & Flails
 + Level 1.0 Polearms
 + Level 1.0 Staves
 + Level 1.0 Slings
 + Level 1.0 Bows
 + Level 1.0 Crossbows
 + Level 1.0 Throwing
 + Level 4.6 Armour
 + Level 2.6 Dodging
 + Level 1.0 Stealth
 + Level 1.0 Shields
 + Level 1.0 Unarmed Combat
 + Level 1.0 Spellcasting
 + Level 0.7 Conjurations
 + Level 0.7 Hexes
 + Level 0.7 Summonings
 + Level 0.7 Necromancy
 + Level 0.7 Translocations
 + Level 0.7 Transmutations
 + Level 0.7 Fire Magic
 + Level 0.7 Ice Magic
 + Level 0.7 Air Magic
 + Level 0.7 Earth Magic
 + Level 0.7 Poison Magic
 + Level 4.6 Invocations
 + Level 1.0 Evocations


You had 4 spell levels left.
You didn't know any spells.
Your spell library contained the following spells:

 Spells                   Type           Power      Damage    Failure   Level
 Corpse Rot               Necr/Air       N/A        N/A       100%        2
 Poisonous Vapours        Pois/Air       4%         N/A       100%        2


Dungeon Overview and Level Annotations

Branches:
Dungeon (2/15)

Altars:


Innate Abilities, Weirdness & Mutations

You have very sharp teeth.
Your uncanny sense of smell can sniff out nearby items.
Your experience applies equally to all skills.


Message History

Press: ? - help, Q - select action, (/) - cycle Shift-Dir - straight line, f/p - gnoll
Aim: a gnoll, wielding a +0 club (poisoned, 60% to hit)
You throw a poisoned dart. The poisoned dart hits the gnoll.
The gnoll looks even sicker.
A gnoll comes into view. It is wielding a +0 club.
Throw: 3 darts (poison)
Press: ? - help, Q - select action, (/) - cycle Shift-Dir - straight line, f/p - gnoll
Aim: a gnoll, wielding a +0 club (moderately wounded, very poisoned, 61% to hit)
You throw a poisoned dart.
The poisoned dart closely misses the gnoll.
The poisoned dart closely misses the gnoll.
A gnoll comes into view. It is wielding a +0 spear.
Throw: 2 darts (poison)
Press: ? - help, Q - select action, (/) - cycle Shift-Dir - straight line, f/p - gnoll
Aim: a gnoll, wielding a +0 club (moderately wounded, very poisoned, 61% to hit)
You throw a poisoned dart.
The poisoned dart closely misses the gnoll.
The poisoned dart hits the gnoll.
The gnoll hits you but does no damage.
You completely miss the gnoll.
The gnoll is moderately wounded.
You hit the gnoll. The gnoll barely misses you.
The gnoll throws a throwing net.
The throwing net hits you.
You become entangled in the net!
Unknown command.
Unknown command.
You struggle against the net.
The gnoll hits you with a +0 club. The gnoll hits you with a +0 flail.
You struggle against the net.
The gnoll hits you with a +0 club. The gnoll hits you with a +0 flail.
Unknown command.
You cannot throw anything while held in a net.
You cannot throw anything while held in a net.
You struggle against the net.
The gnoll hits you with a +0 club. The gnoll hits you with a +0 flail.
The gnoll hits you but does no damage.
Unknown command.
You struggle against the net.
The gnoll hits you but does no damage. The gnoll hits you with a +0 club.
The gnoll hits you but does no damage. The gnoll hits you with a +0 flail!
You die...

...........###..##.# #.#
.......##..# ##.##.# #.#
...........# #.##.# #.#
.......##..####..#.# #.#
....#.###....^##.#.# #.#
#.#.#.###.....##.#.#
..#.#..............#
..#.#####.....##gg####.#
.##.# #.....'.@gg.((.(
....#####.....###..##..#
....................#
....#####......###..#
....# #......# #.# ....#
####+#.# .# ###.# .# #
#.# .# #.#


You could see 4 gnolls.

Vanquished Creatures
  An adder (D:2)
  A dart slug (D:1)
  4 endoplasms
  3 giant cockroaches
  2 goblins (D:1)
  4 hobgoblins
  A jackal (D:1)
  2 quokkas (D:1)
  2 ball pythons
  9 bats
  5 kobolds
  5 rats (D:1)
39 creatures vanquished.

Notes
Turn   | Place    | Note
-------+----------+-------------------------------------------
     0 | Abyss:1  | Gargoyl the Gnoll Abyssal Knight began the quest for the
                  | Orb.
     0 | Abyss:1  | Reached XP level 1. HP: 23/23 MP: 3/3
    55 | Abyss:2  | Noticed a guardian serpent
    59 | D:1      | Escaped the Abyss
   233 | D:1      | Reached XP level 2. HP: 29/29 MP: 5/5
   274 | D:1      | Reached * piety under Lugonu
   508 | D:1      | Reached XP level 3. HP: 33/35 MP: 6/6
  1436 | D:2      | Reached skill level 1 in Short Blades
  1436 | D:2      | Reached skill level 1 in Long Blades
  1436 | D:2      | Reached skill level 1 in Maces & Flails
  1436 | D:2      | Reached skill level 1 in Polearms
  1436 | D:2      | Reached skill level 1 in Staves
  1436 | D:2      | Reached skill level 1 in Slings
  1436 | D:2      | Reached skill level 1 in Bows
  1436 | D:2      | Reached skill level 1 in Crossbows
  1436 | D:2      | Reached skill level 1 in Throwing
  1436 | D:2      | Reached skill level 1 in Stealth
  1436 | D:2      | Reached skill level 1 in Shields
  1436 | D:2      | Reached skill level 1 in Unarmed Combat
  1436 | D:2      | Reached skill level 1 in Spellcasting
  1436 | D:2      | Reached skill level 1 in Evocations
  1505 | D:2      | Slain by a gnoll

Illustrated notes

Levels and vault maps discovered:
D:1:      dpeg_arrival_castle, layout_loops_ring, minmay_close_crescents
D:2:      layout_basic, hellmonk_ecumenical_altar_heavens_door

Skill      XL: |  1  2  3 |
---------------+----------+-----
Short Blades   | 1 |  1.0
Long Blades    | 1 |  1.0
Maces & Flails | 1 |  1.0
Polearms       | 1 |  1.0
Staves         | 1 |  1.0
Slings         | 1 |  1.0
Bows           | 1 |  1.0
Crossbows      | 1 |  1.0
Throwing       | 1 |  1.0
Stealth        | 1 |  1.0
Shields        | 1 |  1.0
Unarmed Combat | 1 |  1.0
Spellcasting   | 1 |  1.0
Evocations     | 1 |  1.0
Fighting       | |  6.5
Axes           | |  4.6
Armour         | |  4.6
Dodging        | |  2.6
Conjurations   | |  0.7
Hexes          | |  0.7
Summonings     | |  0.7
Necromancy     | |  0.7
Translocations | |  0.7
Transmutations | |  0.7
Fire Magic     | |  0.7
Ice Magic      | |  0.7
Air Magic      | |  0.7
Earth Magic    | |  0.7
Poison Magic   | |  0.7
Invocations    | |  4.6

Action                   || total
-------------------------++-------
Melee: Hand axe          ||   118
       Bite              ||    11
Throw: Dart              ||     4
Invok: Depart the Abyss  ||     1
  Use: Scroll            ||     5
Armor: Chain mail        ||   122
Dodge: Dodged            ||    49

Table legend: (Time is in decaauts)
 A = Elapsed time spent in this place.
 B = Non-inter-level travel time spent in this place.
 C = Inter-level travel time spent in this place.
 D = Time resting spent in this place.
 E = Time spent auto-exploring this place.
 F = Levels seen in this place.
 G = Mean time per level.
                   A        B        C        D        E       F      G
               +--------+--------+--------+--------+--------+-----+--------+
         Total |   1515 |   1506 |      9 |      0 |   1086 |   4 |  378.8 |
       Dungeon |   1457 |   1448 |      9 |      0 |   1071 |   2 |  728.5 |
         Abyss |     58 |     58 |      0 |      0 |     15 |   2 |   29.0 |
               +--------+--------+--------+--------+--------+-----+--------+

Top non-repeatable levels by time:
     D:1: 1068 daAuts
     D:2: 388 daAuts
 Abyss:2: 30 daAuts
 Abyss:1: 28 daAuts
